 Dungeon Crawl Stone Soup version 0.21.1-1-g345015fe64 (webtiles) character file.

246 CaptDreibein the Slasher (level 5, 0/40 HPs)
             Began as a Demonspawn Gladiator on June 28, 2018.
             Was a Follower of Uskayaw.
             Succumbed to an adder's poison
             ... on level 4 of the Dungeon.
             The game lasted 00:09:04 (3569 turns).

CaptDreibein the Slasher (Demonspawn Gladiator)     Turns: 3569, Time: 00:09:05

Health: 0/40       AC:  4    Str: 18    XL:     5   Next: 84%
Magic:  5/5        EV: 13    Int:  9    God:    Uskayaw [*.....]
Gold:   212        SH:  0    Dex: 15    Spells: 4/4 levels left

rFire    + . .     SeeInvis .   a - +0 long sword
rCold    . . .     Gourm    .   (no shield)
rNeg     . . .     Faith    .   b - +0 leather armour
rPois    .         Spirit   .   (helmet restricted)
rElec    .         Reflect  .   (no cloak)
rCorr    .         Harm     .   e - +0 pair of gloves
MR       .....                  (no boots)
Stlth    ++++......             (no amulet)
HPRegen  0.13/turn              h - +3 ring of strength
MPRegen  0.09/turn              p - ring of protection from fire

@: lethally poisoned (0 -> -2)
A: antennae 1, nightstalker 2, rot immunity
a: Stomp, Renounce Religion


You were on level 4 of the Dungeon.
You worshipped Uskayaw.
Uskayaw was noncommittal.
You were not hungry.

You visited 1 branch of the dungeon, and saw 4 of its levels.

You collected 212 gold pieces.

Inventory:

Hand Weapons
 a - a +0 long sword (weapon)
Missiles
 s - 2 throwing nets (quivered)
Armour
 b - a +0 leather armour (worn)
 e - a +0 pair of gloves (worn)
Jewellery
 h - a +3 ring of strength (left hand)
 p - a ring of protection from fire (right hand)
Scrolls
 d - 3 scrolls of identify {unknown}
 g - 2 scrolls of remove curse {unknown}
 i - a scroll of fear {unknown}
 k - 3 scrolls of enchant weapon {unknown}
 n - a scroll of teleportation {unknown}
 o - a scroll of amnesia {unknown}
 t - a scroll of enchant armour {unknown}
Potions
 c - a potion of brilliance {unknown}
 l - a potion of flight {unknown}
 m - a potion of lignification {unknown}
 q - a potion of haste
 r - a potion of curing {unknown}
 u - a potion of cancellation {unknown}
Comestibles
 f - 7 rations
 j - 4 chunks of flesh


   Skills:
 + Level 2.8 Fighting
 + Level 4.2 Long Blades
 + Level 2.0 Throwing
 + Level 2.0 Armour
 + Level 3.2 Dodging
 + Level 1.9 Stealth


You had 4 spell levels left.
You didn't know any spells.

Dungeon Overview and Level Annotations

Branches:
Dungeon (4/15)
 Temple: D:4-7

Altars:
Dithmenos
Uskayaw


Innate Abilities, Weirdness & Mutations

You have a pair of small antennae on your head.
You are significantly more attuned to the shadows.
You are immune to rotting.


Message History

* * * LOW HITPOINT WARNING * * *
The orc misses you.
You riposte.
You barely miss the orc.
The orc is heavily wounded.
A hound comes into view.
The hound barks!
You hit the orc.
The orc is almost dead.
The orc closely misses you.
You hit the orc but do no damage.
The orc is almost dead.
* * * LOW HITPOINT WARNING * * *
You feel sick. The orc barely misses you.
You closely miss the orc.
The orc is almost dead.
The orc hits you.
* * * LOW HITPOINT WARNING * * *
The hound barely misses you.
You hit the orc.
You kill the orc!
You die...

...###### .....!..#
........# ........###
..>.h...(.#
.....@.(#.#
....(...#.#
........#.#
$.......#.############
........#.............
######################
..... ..... #####


You could see a hound.

Vanquished Creatures
  2 orc priests
  2 orc wizards (D:2)
  A gnoll (D:1)
  5 adders
  A worm (D:3)
  3 dart slugs
  2 leopard geckos (D:3)
  7 orcs
  11 bats
  A giant cockroach (D:1)
  8 goblins
  6 hobgoblins
  2 jackals (D:2)
  A ball python (D:1)
  4 frilled lizards
  5 kobolds
  8 rats
69 creatures vanquished.

Notes
Turn   | Place    | Note
-------+----------+-------------------------------------------
     0 | D:1      | CaptDreibein the Demonspawn Gladiator began the quest for the Orb.
     0 | D:1      | Reached XP level 1. HP: 16/16 MP: 1/1
   612 | D:1      | Gained mutation: You are slightly more attuned to the shadows. [demonic ancestry]
   612 | D:1      | Reached XP level 2. HP: 22/22 MP: 2/2
   798 | D:1      | Reached skill level 3 in Long Blades
  1218 | D:2      | Gained mutation: You are immune to rotting. [demonic ancestry]
  1218 | D:2      | Reached XP level 3. HP: 28/28 MP: 3/3
  1388 | D:2      | Found a hide-covered altar of Uskayaw.
  1388 | D:2      | Found a shadowy altar of Dithmenos.
  1395 | D:2      | Became a worshipper of Uskayaw the Reveler
  1496 | D:2      | Reached * piety under Uskayaw
  1549 | D:2      | Reached skill level 1 in Armour
  1549 | D:2      | Reached ** piety under Uskayaw
  2134 | D:2      | Gained mutation: You have a pair of small antennae on your head. [demonic ancestry]
  2134 | D:2      | Reached XP level 4. HP: 26/34 MP: 4/4
  2151 | D:2      | Reached skill level 1 in Stealth
  2371 | D:2      | Gained mutation: You are significantly more attuned to the shadows. [demonic ancestry]
  2371 | D:2      | Reached XP level 5. HP: 8/39 MP: 5/5
  2373 | D:2      | Reached *** piety under Uskayaw
  2633 | D:3      | Found a faded altar of an unknown god.
  2653 | D:3      | Reached skill level 4 in Long Blades
  2665 | D:3      | HP: 1/39 [orc/flail (5)]
  3565 | D:4      | HP: 2/40 [orc (2)]
  3569 | D:4      | Succumbed to an adder's poison

Skill      XL: |  1  2  3  4  5 |
---------------+----------------+-----
Dodging        | 3 |  3.2
Long Blades    | 3 4 |  4.2
Armour         | 1 2 |  2.0
Throwing       | 2 |  2.0
Stealth        | 1 |  1.9
Fighting       | |  2.8

Action                   |  1- 3 |  4- 6 || total
-------------------------+-------+-------++-------
Melee: Long sword        |    88 |   121 ||   209
Throw: Throwing net      |     5 |     2 ||     7
 Stab: Sleeping          |     8 |     3 ||    11
  Eat: Chunk             |     4 |     5 ||     9
Armor: Leather armour    |    31 |    36 ||    67
Dodge: Dodged            |    69 |    98 ||   167
       Rpst.: Long sword |    23 |    22 ||    45
